Red Wings vs Maple Leafs

Created - March 6, 2023 at 19:45

Goals
1 2 3 T
Red Wings 0 0 0 0
Maple Leafs 2 0 3 5
Shots
1 2 3 T
Red Wings 10 5 10 25
Maple Leafs 16 3 22 41

GoalsPenalties
1st period
1. Maple Leafs , Tomas Hertl 20 (Alex Pietrangelo 25, Gabriel Landeskog 26) at 2:26
2. Maple Leafs , Gabriel Landeskog 19 (Alex Pietrangelo 26, Nicklas Backstrom 22) at 3:03 (PP)
Drake Caggiula (DET) for Hooking (Minor) at 2:44
Artem Zub (DET) for Roughing (Minor) at 9:00
Bowen Byram (TOR) for Hooking (Minor) at 16:15
2nd period
No Goal
Alex Pietrangelo (TOR) for Hooking (Minor) at 4:01
Nick Holden (TOR) for Hooking (Minor) at 7:15
Ryan Pulock (DET) for Tripping (Minor) at 13:09
Shea Theodore (TOR) for Hooking (Minor) at 16:59
3rd period
3. Maple Leafs , Sean Kuraly 6 (Tomas Hertl 29, Gabriel Landeskog 27) at 3:47
4. Maple Leafs , Gabriel Landeskog 20 (Sam Bennett 16, Alex Pietrangelo 27) at 5:03
5. Maple Leafs , Brandon Carlo 2 (Sean Kuraly 9, Andrew Cogliano 8) at 7:55
Jayson Megna (DET) for Hooking (Minor) at 1:41
Jakob Chychrun (DET) for Roughing (Minor) at 1:44
Goalie Stats
Marcus Hogberg (DET), 36 saves from 41 shots - (0.878), L, 2-4-0, 60:00 minutes
Frederik Andersen (TOR), 25 saves from 25 shots - (1.000), W, 14-7-0, 60:00 minutes
3 StarsOfficial
1 - Gabriel Landeskog (TOR)
2 - Frederik Andersen (TOR)
3 - Sean Kuraly (TOR)
Referees : Furman South and Kevin Pollock
Linesman : Jesse Marquis and Jonny Murray
Game Note
No Game Note
Finance
Level 1 -- Attendance: 5888 (98.13%) -- Ticket Income $977,408
Level 2 -- Attendance: 3446 (68.92%) -- Ticket Income $468,656
Level 3 -- Attendance: 2671 (66.78%) -- Ticket Income $309,836
Level 4 -- Attendance: 2980 (99.33%) -- Ticket Income $193,700
Luxury Box -- Attendance: 913 (91.30%) -- Ticket Income $228,250
Game was played at the Air Canada Centre.
Total Attendance: 15898 (83.67%)
Total Ticket Income: $2,177,850
Total Income: $2,177,850



Team Name Goals Shots Shots Attemp Shots Blocked PIM HIT PP PK FO%
Red Wings 025501610290 / 4 (0%)142%
Maple Leafs 5419298161 / 5 (20%)058%

Red Wings
Player Name POS G A P +/- PIM HIT SHT SB MP PP MP PP SHT PK MP PK SHT FO% FOT
Andrew MangiapaneLW/RW0000032020:533:1713:28025% 4
Artem ZubD0000230419:501:2402:4200% 0
Brayden PointC/RW0000023018:234:1500:00046% 24
Chase De LeoC000001003:570:0000:00038% 8
Connor CliftonD000-3010112:550:0000:0000% 0
Connor McDavidC000-3003019:483:4100:00055% 22
Drake CaggiulaLW/RW000020206:060:0002:10017% 6
Filip HronekD000-3011116:532:4101:1700% 0
Greg McKeggC/LW/RW000-1023011:330:0000:00030% 10
Jakob ChychrunD0000241422:394:0512:1700% 0
Jared McCannC/LW000-3021019:483:4100:0000% 1
Jayson MegnaC/RW000-1221011:320:0000:0000% 0
Mathieu JosephLW/RW000002127:460:5802:51050% 2
Mikhail SergachevD000-1023325:053:5134:0900% 0
Oliver BjorkstrandLW/RW0000022018:314:1510:0800% 0
Patrik LaineLW/RW000-3000019:483:4100:0000% 2
Rem PitlickC/LW/RW000-1000113:380:0002:05057% 7
Ryan PulockD000-1222022:353:5122:1200% 0
Maple Leafs
Player Name POS G A P +/- PIM HIT SHT SB MP PP MP PP SHT PK MP PK SHT FO% FOT
Alex PietrangeloD0332202122:593:4503:1800% 0
Andrew CoglianoLW/RW0112012016:480:0004:4500% 1
Bowen ByramD0002213119:373:4520:0500% 0
Brandon CarloD1012012218:110:0004:0700% 0
Brandon SaadLW/RW0000000017:022:2100:5800% 1
Dysin MayoD0002020318:240:0004:2000% 0
Gabriel LandeskogLW/RW2242017018:243:5850:0000% 1
Jordan StaalC/LW0002022013:370:2501:09064% 14
Josh ArchibaldLW/RW000000107:380:0002:0500% 0
Nick HoldenD0000211021:082:3412:5100% 0
Nicklas BackstromC0110002016:563:1300:00077% 22
Radek FaksaC/LW000000007:380:0002:05070% 10
Sam BennettC/LW/RW0112002017:072:4100:00050% 6
Sean KuralyC/LW1122032016:530:0004:50040% 15
Shea TheodoreD0000213219:372:3431:1100% 0
Tomas HertlC/LW1122016018:243:5820:00050% 14
Trevor LewisC/RW000000305:330:0000:0000% 0
Tyler ToffoliLW/RW0000023016:042:2110:00050% 2

Red Wings

5 vs 5 Forward
Line #Left WingCenterRight WingPHYDFOFWanted %Time %Time Play
1Jared McCannConnor McDavidPatrik Laine0144035%16:07
2Oliver BjorkstrandBrayden PointAndrew Mangiapane0143531%14:08
3Rem PitlickGreg McKeggJayson Megna0232025%11:33
4Drake CaggiulaChase De LeoMathieu Joseph05059%3:57
5 vs 5 Defense
Line #DefenseDefensePHYDFOFWanted %Time %Time Play
1Mikhail SergachevRyan Pulock0323836%16:33
2Jakob ChychrunArtem Zub0323834%15:45
3Connor CliftonFilip Hronek1402028%12:55
4Mikhail SergachevJakob Chychrun02341%0:32
Power Play Forward
Line #Left WingCenterRight WingPHYDFOFWanted %Time %Time Play
1Jared McCannConnor McDavidPatrik Laine0055046%3:41
2Oliver BjorkstrandBrayden PointAndrew Mangiapane0055054%4:15
Power Play Defense
Line #DefenseDefensePHYDFOFWanted %Time %Time Play
1Mikhail SergachevRyan Pulock0145049%3:51
2Filip HronekJakob Chychrun0145051%4:05
Penalty Kill 4 Players Forward
Line #CenterWingPHYDFOFWanted %Time %Time Play
1Rem PitlickMathieu Joseph0505048%2:05
2Drake CaggiulaAndrew Mangiapane0505052%2:18
Penalty Kill 4 Players Defense
Line #DefenseDefensePHYDFOFWanted %Time %Time Play
1Artem ZubRyan Pulock0505567%2:55
2Jakob ChychrunMikhail Sergachev0504533%1:28
Penalty Kill 3 Players
Line #WingPHYDFOFWanted %Time %Time PlayDefenseDefensePHYDFOFWanted %Time %Time Play
1Andrew Mangiapane0505060%1:10 Artem ZubRyan Pulock0505537%0:43
2Mathieu Joseph0505040%0:46 Jakob ChychrunMikhail Sergachev0504563%1:13
4 vs 4 Forward
Line #CenterWingPHYDFOFWanted %Time %Time Play
1Connor McDavidPatrik Laine014500%0:00
2Brayden PointOliver Bjorkstrand014500%0:00
4 vs 4 Defense
Line #DefensePHYDFOFWanted %Time %Time Play
1Mikhail SergachevRyan Pulock032600%0:00
2Jakob ChychrunFilip Hronek032400%0:00
Last Minutes Offensive
Left WingCenterRight WingDefenseDefense
Patrik LaineConnor McDavidBrayden PointMikhail SergachevJakob Chychrun
Last Minutes Defensive
Left WingCenterRight WingDefenseDefense
Andrew MangiapaneConnor McDavidBrayden PointJakob ChychrunRyan Pulock
Time
Total ForwardTotal DefenseLast Minutes OffensiveLast Minutes Defensive
60:00 60:00 0:000:00
Extra Forwards
Normal PowerPlayPenalty Kill
Andrew Mangiapane, Patrik Laine, Oliver BjorkstrandAndrew Mangiapane, Mathieu JosephOliver Bjorkstrand
Extra Defensemen
Normal PowerPlayPenalty Kill
Ryan Pulock, Jakob Chychrun, Artem ZubArtem Zub, Jakob ChychrunArtem Zub
Penalty Shots
Connor McDavid, Patrik Laine, Rem Pitlick, Brayden Point, Mathieu Joseph
Goalie
Marcus Hogberg, Jack Campbell
Custom OT Lines Forwards
Connor McDavid, Brayden Point, Patrik Laine, Oliver Bjorkstrand, Andrew Mangiapane, Jared McCann, Chase De Leo, Rem Pitlick, Mathieu Joseph, Drake Caggiula
Custom OT Lines Defensemen
Mikhail Sergachev, Artem Zub, Jakob Chychrun, Ryan Pulock, Filip Hronek
Scratches
Erik Gustafsson (Healthy), Cole Sillinger (Right Hand Injury), Filip Gustavsson (Right Leg Injury)

Maple Leafs

5 vs 5 Forward
Line #Left WingCenterRight WingPHYDFOFWanted %Time %Time Play
1Gabriel LandeskogTomas HertlSam Bennett0233532%14:26
2Tyler ToffoliNicklas BackstromBrandon Saad0233030%13:43
3Sean KuralyJordan StaalAndrew Cogliano0413026%12:03
4Josh ArchibaldRadek FaksaTrevor Lewis041512%5:33
5 vs 5 Defense
Line #DefenseDefensePHYDFOFWanted %Time %Time Play
1Alex PietrangeloBowen Byram0413535%15:48
2Nick HoldenShea Theodore0413534%15:44
3Brandon CarloDysin Mayo0413031%14:04
4Alex PietrangeloShea Theodore04100%0:09
Power Play Forward
Line #Left WingCenterRight WingPHYDFOFWanted %Time %Time Play
1Tomas HertlNicklas BackstromGabriel Landeskog0056063%3:58
2Brandon SaadSam BennettTyler Toffoli0054037%2:21
Power Play Defense
Line #DefenseDefensePHYDFOFWanted %Time %Time Play
1Alex PietrangeloBowen Byram0056059%3:45
2Shea TheodoreNick Holden0054041%2:34
Penalty Kill 4 Players Forward
Line #CenterWingPHYDFOFWanted %Time %Time Play
1Sean KuralyAndrew Cogliano0506074%5:51
2Radek FaksaJosh Archibald0504026%2:05
Penalty Kill 4 Players Defense
Line #DefenseDefensePHYDFOFWanted %Time %Time Play
1Nick HoldenDysin Mayo0506048%3:49
2Alex PietrangeloBrandon Carlo0504052%4:07
Penalty Kill 3 Players
Line #WingPHYDFOFWanted %Time %Time PlayDefenseDefensePHYDFOFWanted %Time %Time Play
1Sean Kuraly050600%0:00 Nick HoldenDysin Mayo050600%0:00
2Radek Faksa050400%0:00 Alex PietrangeloBrandon Carlo050400%0:00
4 vs 4 Forward
Line #CenterWingPHYDFOFWanted %Time %Time Play
1Tomas HertlGabriel Landeskog023500%0:00
2Nicklas BackstromSam Bennett023500%0:00
4 vs 4 Defense
Line #DefensePHYDFOFWanted %Time %Time Play
1Alex PietrangeloBowen Byram041500%0:00
2Nick HoldenBrandon Carlo041500%0:00
Last Minutes Offensive
Left WingCenterRight WingDefenseDefense
Tomas HertlNicklas BackstromGabriel LandeskogAlex PietrangeloShea Theodore
Last Minutes Defensive
Left WingCenterRight WingDefenseDefense
Sean KuralyJordan StaalAndrew CoglianoAlex PietrangeloBrandon Carlo
Time
Total ForwardTotal DefenseLast Minutes OffensiveLast Minutes Defensive
60:00 60:00 0:000:00
Extra Forwards
Normal PowerPlayPenalty Kill
Gabriel Landeskog, Sam Bennett, Tyler ToffoliGabriel Landeskog, Sam BennettSean Kuraly
Extra Defensemen
Normal PowerPlayPenalty Kill
Alex Pietrangelo, Bowen Byram, Shea TheodoreBowen Byram, Nick HoldenDysin Mayo
Penalty Shots
Gabriel Landeskog, Sam Bennett, Jordan Staal, Tyler Toffoli, Nicklas Backstrom
Goalie
Frederik Andersen, Jeremy Swayman
Custom OT Lines Forwards
Gabriel Landeskog, Tomas Hertl, Sam Bennett, Nicklas Backstrom, Tyler Toffoli, Jordan Staal, Brandon Saad, Sean Kuraly, Andrew Cogliano, Radek Faksa
Custom OT Lines Defensemen
Alex Pietrangelo, Shea Theodore, Bowen Byram, Nick Holden, Brandon Carlo
Scratches
Kris Russell (Healthy), Josh Brown (Healthy)


Play-by-Play

1st period


0:01 of 1st period - Tomas Hertl wins face-off versus Connor McDavid in neutral zone.
0:18 of 1st period - Shot by Patrik Laine.
0:18 of 1st period - Shot Blocked by Alex Pietrangelo.
0:20 of 1st period - Shot by Connor McDavid.
0:20 of 1st period - Stopped by Frederik Andersen without a rebound.
0:21 of 1st period - Nicklas Backstrom wins face-off versus Brayden Point in Maple Leafs zone.
0:21 of 1st period - Nick Holden is hit by Oliver Bjorkstrand and loses puck.
1:33 of 1st period - Jordan Staal is hit by Filip Hronek and loses puck.
1:52 of 1st period - Connor Clifton is hit by Jordan Staal and loses puck.
2:14 of 1st period - Shot by Tomas Hertl.
2:14 of 1st period - Shot Misses the Net.
2:16 of 1st period - Shot by Tomas Hertl.
2:16 of 1st period - Shot Blocked by Mikhail Sergachev.
2:22 of 1st period - Shot by Tomas Hertl.
2:22 of 1st period - Shot Misses the Net.
2:26 of 1st period - Shot by Tomas Hertl.
2:26 of 1st period - Goal by Tomas Hertl - Red Wings : 0 - Maple Leafs : 1.
2:27 of 1st period - Radek Faksa wins face-off versus Chase De Leo in neutral zone.
2:35 of 1st period - Icing by Ryan Pulock.
2:36 of 1st period - Chase De Leo wins face-off versus Brandon Saad in Red Wings zone.
2:36 of 1st period - Chase De Leo is hit by Tyler Toffoli.
2:42 of 1st period - Shea Theodore is hit by Mathieu Joseph and loses puck.
2:44 of 1st period - Minor Penalty to Drake Caggiula for Hooking.
2:45 of 1st period - Rem Pitlick wins face-off versus Nicklas Backstrom in Red Wings zone.
2:53 of 1st period - Icing by Nicklas Backstrom.
2:54 of 1st period - Nicklas Backstrom wins face-off versus Rem Pitlick in Maple Leafs zone.
3:03 of 1st period - Shot by Gabriel Landeskog.
3:03 of 1st period - Goal by Gabriel Landeskog - Red Wings : 0 - Maple Leafs : 2.
3:04 of 1st period - Jordan Staal wins face-off versus Connor McDavid in neutral zone.
3:17 of 1st period - Shot by Sean Kuraly.
3:17 of 1st period - Shot Blocked by Mikhail Sergachev.
3:35 of 1st period - Shot by Connor McDavid.
3:35 of 1st period - Stopped by Frederik Andersen without a rebound.
3:36 of 1st period - Tomas Hertl wins face-off versus Brayden Point in Maple Leafs zone.
3:49 of 1st period - Shot by Sam Bennett.
3:49 of 1st period - Stopped by Marcus Hogberg with a rebound.
4:15 of 1st period - Shot by Oliver Bjorkstrand.
4:15 of 1st period - Shot Misses the Net.
4:59 of 1st period - Shot by Tyler Toffoli.
4:59 of 1st period - Stopped by Marcus Hogberg without a rebound.
5:00 of 1st period - Sean Kuraly wins face-off versus Greg McKegg in Red Wings zone.
5:09 of 1st period - Jordan Staal is hit by Jayson Megna and loses puck.
5:20 of 1st period - Shot by Greg McKegg.
5:20 of 1st period - Stopped by Frederik Andersen without a rebound.
5:21 of 1st period - Chase De Leo wins face-off versus Radek Faksa in Maple Leafs zone.
5:31 of 1st period - Icing by Trevor Lewis.
5:32 of 1st period - Radek Faksa wins face-off versus Patrik Laine in Maple Leafs zone.
5:51 of 1st period - Shot by Alex Pietrangelo.
5:51 of 1st period - Stopped by Marcus Hogberg with a rebound.
5:54 of 1st period - Icing by Jakob Chychrun.
5:55 of 1st period - Connor McDavid wins face-off versus Tomas Hertl in Red Wings zone.
5:55 of 1st period - Connor McDavid is hit by Gabriel Landeskog.
6:46 of 1st period - Icing by Nick Holden.
6:47 of 1st period - Tomas Hertl wins face-off versus Greg McKegg in Maple Leafs zone.
7:12 of 1st period - Shot by Tyler Toffoli.
7:12 of 1st period - Shot Misses the Net.
7:32 of 1st period - Shot by Nicklas Backstrom.
7:32 of 1st period - Stopped by Marcus Hogberg with a rebound.
8:17 of 1st period - Icing by Brandon Carlo.
8:18 of 1st period - Nicklas Backstrom wins face-off versus Chase De Leo in Maple Leafs zone.
8:18 of 1st period - Nicklas Backstrom is hit by Chase De Leo.
8:23 of 1st period - Brandon Saad is hit by Jakob Chychrun and loses puck.
8:34 of 1st period - Artem Zub is hit by Sean Kuraly and loses puck.
8:39 of 1st period - Shot by Andrew Cogliano.
8:39 of 1st period - Shot Blocked by Artem Zub.
8:45 of 1st period - Shot by Sean Kuraly.
8:45 of 1st period - Shot Blocked by Jakob Chychrun.
8:48 of 1st period - Jordan Staal is hit by Artem Zub and loses puck.
8:51 of 1st period - Shot by Andrew Cogliano.
8:51 of 1st period - Shot Misses the Net.
8:53 of 1st period - Shot by Sean Kuraly.
8:53 of 1st period - Deflect By Jordan Staal.
8:53 of 1st period - Shot Blocked by Mathieu Joseph.
9:00 of 1st period - Minor Penalty to Artem Zub for Roughing.
9:01 of 1st period - Sam Bennett wins face-off versus Drake Caggiula in Red Wings zone.
9:20 of 1st period - Shot by Shea Theodore.
9:20 of 1st period - Stopped by Marcus Hogberg without a rebound.
9:21 of 1st period - Rem Pitlick wins face-off versus Nicklas Backstrom in Red Wings zone.
9:45 of 1st period - Icing by Nicklas Backstrom.
9:46 of 1st period - Nicklas Backstrom wins face-off versus Drake Caggiula in Maple Leafs zone.
9:55 of 1st period - Andrew Mangiapane is hit by Tomas Hertl and loses puck.
10:30 of 1st period - Shot by Shea Theodore.
10:30 of 1st period - Shot Misses the Net.
10:32 of 1st period - Shot by Tyler Toffoli.
10:32 of 1st period - Stopped by Marcus Hogberg with a rebound.
10:34 of 1st period - Shot by Shea Theodore.
10:34 of 1st period - Stopped by Marcus Hogberg without a rebound.
10:35 of 1st period - Jordan Staal wins face-off versus Rem Pitlick in Red Wings zone.
10:55 of 1st period - Shot by Gabriel Landeskog.
10:55 of 1st period - Stopped by Marcus Hogberg with a rebound.
11:09 of 1st period - Shot by Jared McCann.
11:09 of 1st period - Deflect By Connor McDavid.
11:09 of 1st period - Stopped by Frederik Andersen without a rebound.
11:10 of 1st period - Connor McDavid wins face-off versus Radek Faksa in Maple Leafs zone.
11:15 of 1st period - Shot by Patrik Laine.
11:15 of 1st period - Shot Misses the Net.
11:23 of 1st period - Shot by Radek Faksa.
11:23 of 1st period - Shot Misses the Net.
11:43 of 1st period - Shot by Trevor Lewis.
11:43 of 1st period - Stopped by Marcus Hogberg without a rebound.
11:44 of 1st period - Brayden Point wins face-off versus Jordan Staal in Red Wings zone.
11:53 of 1st period - Shot by Andrew Mangiapane.
11:53 of 1st period - Shot Misses the Net.
11:55 of 1st period - Shot by Mikhail Sergachev.
11:55 of 1st period - Shot Misses the Net.
11:59 of 1st period - Shot by Brayden Point.
11:59 of 1st period - Stopped by Frederik Andersen without a rebound.
12:00 of 1st period - Greg McKegg wins face-off versus Tomas Hertl in Maple Leafs zone.
12:03 of 1st period - Shot by Rem Pitlick.
12:03 of 1st period - Shot Misses the Net.
12:12 of 1st period - Tomas Hertl is hit by Artem Zub.
12:16 of 1st period - Shot by Tomas Hertl.
12:16 of 1st period - Deflect By Gabriel Landeskog.
12:16 of 1st period - Shot Misses the Net.
12:18 of 1st period - Shot by Alex Pietrangelo.
12:18 of 1st period - Shot Misses the Net.
12:20 of 1st period - Shot by Tomas Hertl.
12:20 of 1st period - Stopped by Marcus Hogberg with a rebound.
12:22 of 1st period - Shot by Sam Bennett.
12:22 of 1st period - Shot Misses the Net.
12:24 of 1st period - Shot by Tomas Hertl.
12:24 of 1st period - Deflect By Gabriel Landeskog.
12:24 of 1st period - Shot Misses the Net.
12:26 of 1st period - Shot by Tomas Hertl.
12:26 of 1st period - Shot Blocked by Rem Pitlick.
12:28 of 1st period - Shot by Tomas Hertl.
12:28 of 1st period - Shot Blocked by Artem Zub.
12:30 of 1st period - Shot by Alex Pietrangelo.
12:30 of 1st period - Shot Misses the Net.
12:32 of 1st period - Shot by Alex Pietrangelo.
12:32 of 1st period - Shot Blocked by Jakob Chychrun.
12:34 of 1st period - Shot by Alex Pietrangelo.
12:34 of 1st period - Stopped by Marcus Hogberg without a rebound.
12:35 of 1st period - Brayden Point wins face-off versus Jordan Staal in Red Wings zone.
12:42 of 1st period - Shot by Andrew Mangiapane.
12:42 of 1st period - Shot Misses the Net.
13:13 of 1st period - Shot by Andrew Cogliano.
13:13 of 1st period - Stopped by Marcus Hogberg with a rebound.
14:17 of 1st period - Shot by Rem Pitlick.
14:17 of 1st period - Shot Blocked by Dysin Mayo.
14:43 of 1st period - Tomas Hertl is hit by Greg McKegg and loses puck.
15:13 of 1st period - Shot by Gabriel Landeskog.
15:13 of 1st period - Shot Misses the Net.
15:41 of 1st period - Shot by Josh Archibald.
15:41 of 1st period - Shot Misses the Net.
15:43 of 1st period - Shot by Josh Archibald.
15:43 of 1st period - Deflect By Trevor Lewis.
15:43 of 1st period - Stopped by Marcus Hogberg without a rebound.
15:44 of 1st period - Sean Kuraly wins face-off versus Jared McCann in Red Wings zone.
15:44 of 1st period - Andrew Cogliano is hit by Mikhail Sergachev.
16:00 of 1st period - Shot by Sean Kuraly.
16:00 of 1st period - Stopped by Marcus Hogberg without a rebound.
16:01 of 1st period - Radek Faksa wins face-off versus Brayden Point in Red Wings zone.
16:05 of 1st period - Icing by Filip Hronek.
16:06 of 1st period - Brayden Point wins face-off versus Sean Kuraly in Red Wings zone.
16:13 of 1st period - Shot by Brayden Point.
16:13 of 1st period - Shot Misses the Net.
16:15 of 1st period - Shot by Filip Hronek.
16:15 of 1st period - Stopped by Frederik Andersen without a rebound.
16:15 of 1st period - Minor Penalty to Bowen Byram for Hooking.
16:16 of 1st period - Sean Kuraly wins face-off versus Connor McDavid in Maple Leafs zone.
16:29 of 1st period - Shot by Mikhail Sergachev.
16:29 of 1st period - Stopped by Frederik Andersen without a rebound.
16:30 of 1st period - Brayden Point wins face-off versus Sean Kuraly in Maple Leafs zone.
16:35 of 1st period - Shot by Andrew Mangiapane.
16:35 of 1st period - Stopped by Frederik Andersen without a rebound.
16:36 of 1st period - Sean Kuraly wins face-off versus Brayden Point in Maple Leafs zone.
16:42 of 1st period - Icing by Ryan Pulock.
16:43 of 1st period - Sean Kuraly wins face-off versus Brayden Point in Red Wings zone.
17:01 of 1st period - Shot by Ryan Pulock.
17:01 of 1st period - Stopped by Frederik Andersen without a rebound.
17:02 of 1st period - Connor McDavid wins face-off versus Sean Kuraly in Maple Leafs zone.
17:43 of 1st period - Shot by Connor McDavid.
17:43 of 1st period - Shot Misses the Net.
18:07 of 1st period - Shot by Andrew Mangiapane.
18:07 of 1st period - Shot Misses the Net.
18:09 of 1st period - Shot by Mikhail Sergachev.
18:09 of 1st period - Stopped by Frederik Andersen without a rebound.
18:10 of 1st period - Radek Faksa wins face-off versus Brayden Point in Maple Leafs zone.
18:57 of 1st period - Icing by Artem Zub.
18:58 of 1st period - Nicklas Backstrom wins face-off versus Chase De Leo in Red Wings zone.
Goals for this period are 0 for Red Wings vs 2 for Maple Leafs.
Shots for this period are 10 for Red Wings vs 16 for Maple Leafs.

2nd period


0:01 of 2nd period - Tomas Hertl wins face-off versus Brayden Point in neutral zone.
0:11 of 2nd period - Tomas Hertl is hit by Ryan Pulock and loses puck.
0:15 of 2nd period - Icing by Mikhail Sergachev.
0:16 of 2nd period - Brayden Point wins face-off versus Jordan Staal in Red Wings zone.
2:05 of 2nd period - Shot by Brandon Saad.
2:05 of 2nd period - Shot Misses the Net.
2:27 of 2nd period - Shot by Rem Pitlick.
2:27 of 2nd period - Shot Misses the Net.
2:54 of 2nd period - Radek Faksa is hit by Jayson Megna and loses puck.
3:15 of 2nd period - Shot by Josh Archibald.
3:15 of 2nd period - Shot Misses the Net.
3:48 of 2nd period - Icing by Alex Pietrangelo.
3:49 of 2nd period - Jordan Staal wins face-off versus Connor McDavid in Maple Leafs zone.
4:01 of 2nd period - Minor Penalty to Alex Pietrangelo for Hooking.
4:02 of 2nd period - Brayden Point wins face-off versus Sean Kuraly in Maple Leafs zone.
4:37 of 2nd period - Shot by Oliver Bjorkstrand.
4:37 of 2nd period - Stopped by Frederik Andersen without a rebound.
4:38 of 2nd period - Connor McDavid wins face-off versus Radek Faksa in Maple Leafs zone.
5:09 of 2nd period - Shot by Patrik Laine.
5:09 of 2nd period - Shot Blocked by Dysin Mayo.
5:11 of 2nd period - Shot by Jakob Chychrun.
5:11 of 2nd period - Stopped by Frederik Andersen without a rebound.
5:12 of 2nd period - Brayden Point wins face-off versus Sean Kuraly in Maple Leafs zone.
5:27 of 2nd period - Andrew Cogliano is hit by Brayden Point and loses puck.
5:36 of 2nd period - Shot by Ryan Pulock.
5:36 of 2nd period - Shot Misses the Net.
5:48 of 2nd period - Brandon Carlo is hit by Andrew Mangiapane.
6:12 of 2nd period - Shot by Gabriel Landeskog.
6:12 of 2nd period - Shot Misses the Net.
6:22 of 2nd period - Shot by Gabriel Landeskog.
6:22 of 2nd period - Shot Blocked by Mathieu Joseph.
6:28 of 2nd period - Shot by Tomas Hertl.
6:28 of 2nd period - Stopped by Marcus Hogberg without a rebound.
6:29 of 2nd period - Nicklas Backstrom wins face-off versus Connor McDavid in Red Wings zone.
7:15 of 2nd period - Minor Penalty to Nick Holden for Hooking.
7:16 of 2nd period - Sean Kuraly wins face-off versus Brayden Point in Maple Leafs zone.
7:16 of 2nd period - Sean Kuraly is hit by Andrew Mangiapane.
8:40 of 2nd period - Shot by Ryan Pulock.
8:40 of 2nd period - Stopped by Frederik Andersen with a rebound.
8:42 of 2nd period - Shot by Mikhail Sergachev.
8:42 of 2nd period - Shot Blocked by Shea Theodore.
8:44 of 2nd period - Shot by Ryan Pulock.
8:44 of 2nd period - Shot Misses the Net.
8:46 of 2nd period - Shot by Brayden Point.
8:46 of 2nd period - Shot Blocked by Dysin Mayo.
8:48 of 2nd period - Shot by Mikhail Sergachev.
8:48 of 2nd period - Stopped by Frederik Andersen without a rebound.
8:49 of 2nd period - Connor McDavid wins face-off versus Sean Kuraly in Maple Leafs zone.
9:05 of 2nd period - Icing by Artem Zub.
9:06 of 2nd period - Connor McDavid wins face-off versus Sean Kuraly in Red Wings zone.
9:20 of 2nd period - Icing by Nick Holden.
9:21 of 2nd period - Greg McKegg wins face-off versus Tomas Hertl in Maple Leafs zone.
10:20 of 2nd period - Nicklas Backstrom is hit by Greg McKegg and loses puck.
10:35 of 2nd period - Shot by Brayden Point.
10:35 of 2nd period - Stopped by Frederik Andersen without a rebound.
10:36 of 2nd period - Jordan Staal wins face-off versus Connor McDavid in Maple Leafs zone.
10:48 of 2nd period - Andrew Cogliano is hit by Jakob Chychrun and loses puck.
10:59 of 2nd period - Connor McDavid is hit by Andrew Cogliano and loses puck.
11:17 of 2nd period - Jordan Staal is hit by Artem Zub and loses puck.
11:37 of 2nd period - Brandon Saad is hit by Jakob Chychrun and loses puck.
11:44 of 2nd period - Shot by Brandon Saad.
11:44 of 2nd period - Shot Misses the Net.
11:46 of 2nd period - Shot by Brandon Saad.
11:46 of 2nd period - Shot Misses the Net.
11:50 of 2nd period - Shot by Brandon Saad.
11:50 of 2nd period - Shot Misses the Net.
11:52 of 2nd period - Shot by Bowen Byram.
11:52 of 2nd period - Shot Blocked by Artem Zub.
11:54 of 2nd period - Shot by Bowen Byram.
11:54 of 2nd period - Shot Blocked by Jakob Chychrun.
12:21 of 2nd period - Tyler Toffoli is hit by Oliver Bjorkstrand and loses puck.
12:25 of 2nd period - Bowen Byram is hit by Connor Clifton and loses puck.
12:52 of 2nd period - Icing by Tomas Hertl.
12:53 of 2nd period - Tomas Hertl wins face-off versus Greg McKegg in Maple Leafs zone.
13:09 of 2nd period - Minor Penalty to Ryan Pulock for Tripping.
13:10 of 2nd period - Nicklas Backstrom wins face-off versus Rem Pitlick in Red Wings zone.
13:15 of 2nd period - Shot by Shea Theodore.
13:15 of 2nd period - Shot Misses the Net.
13:33 of 2nd period - Shot by Tomas Hertl.
13:33 of 2nd period - Stopped by Marcus Hogberg without a rebound.
13:34 of 2nd period - Sam Bennett wins face-off versus Drake Caggiula in Red Wings zone.
13:44 of 2nd period - Off-side.
13:45 of 2nd period - Drake Caggiula wins face-off versus Sam Bennett in neutral zone.
13:51 of 2nd period - Icing by Alex Pietrangelo.
13:52 of 2nd period - Tyler Toffoli wins face-off versus Drake Caggiula in Maple Leafs zone.
14:06 of 2nd period - Icing by Tyler Toffoli.
14:07 of 2nd period - Rem Pitlick wins face-off versus Sam Bennett in Maple Leafs zone.
14:36 of 2nd period - Off-side.
14:37 of 2nd period - Rem Pitlick wins face-off versus Nicklas Backstrom in neutral zone.
14:51 of 2nd period - Shot by Gabriel Landeskog.
14:51 of 2nd period - Stopped by Marcus Hogberg with a rebound.
16:01 of 2nd period - Ryan Pulock is hit by Jordan Staal and loses puck.
16:45 of 2nd period - Radek Faksa is hit by Ryan Pulock and loses puck.
16:59 of 2nd period - Minor Penalty to Shea Theodore for Hooking.
17:00 of 2nd period - Connor McDavid wins face-off versus Sean Kuraly in Maple Leafs zone.
17:56 of 2nd period - Alex Pietrangelo is hit by Mathieu Joseph and loses puck.
18:47 of 2nd period - Off-side.
18:48 of 2nd period - Connor McDavid wins face-off versus Sean Kuraly in neutral zone.
19:02 of 2nd period - Rem Pitlick is hit by Shea Theodore and loses puck.
19:38 of 2nd period - Off-side.
19:39 of 2nd period - Radek Faksa wins face-off versus Connor McDavid in neutral zone.
19:52 of 2nd period - Off-side.
19:53 of 2nd period - Nicklas Backstrom wins face-off versus Chase De Leo in neutral zone.
Goals for this period are 0 for Red Wings vs 0 for Maple Leafs.
Shots for this period are 5 for Red Wings vs 3 for Maple Leafs.

3rd period


0:01 of 3rd period - Tomas Hertl wins face-off versus Brayden Point in neutral zone.
0:24 of 3rd period - Shot by Gabriel Landeskog.
0:24 of 3rd period - Shot Misses the Net.
0:39 of 3rd period - Shot by Tomas Hertl.
0:39 of 3rd period - Shot Blocked by Mikhail Sergachev.
0:41 of 3rd period - Shot by Bowen Byram.
0:41 of 3rd period - Stopped by Marcus Hogberg without a rebound.
0:42 of 3rd period - Jordan Staal wins face-off versus Patrik Laine in Red Wings zone.
0:49 of 3rd period - Shot by Andrew Cogliano.
0:49 of 3rd period - Stopped by Marcus Hogberg without a rebound.
0:50 of 3rd period - Connor McDavid wins face-off versus Andrew Cogliano in Red Wings zone.
0:50 of 3rd period - Connor McDavid is hit by Sean Kuraly.
0:53 of 3rd period - Jakob Chychrun is hit by Sean Kuraly and loses puck.
1:06 of 3rd period - Shot by Jordan Staal.
1:06 of 3rd period - Stopped by Marcus Hogberg without a rebound.
1:07 of 3rd period - Nicklas Backstrom wins face-off versus Greg McKegg in Red Wings zone.
1:11 of 3rd period - Brandon Saad is hit by Mikhail Sergachev and loses puck.
1:41 of 3rd period - Minor Penalty to Jayson Megna for Hooking.
1:42 of 3rd period - Nicklas Backstrom wins face-off versus Drake Caggiula in Red Wings zone.
1:44 of 3rd period - Minor Penalty to Jakob Chychrun for Roughing.
1:45 of 3rd period - Nicklas Backstrom wins face-off versus Andrew Mangiapane in Red Wings zone.
2:01 of 3rd period - Shot by Nicklas Backstrom.
2:01 of 3rd period - Deflect By Gabriel Landeskog.
2:01 of 3rd period - Stopped by Marcus Hogberg with a rebound.
2:03 of 3rd period - Shot by Bowen Byram.
2:03 of 3rd period - Stopped by Marcus Hogberg without a rebound.
2:04 of 3rd period - Mathieu Joseph wins face-off versus Tyler Toffoli in Red Wings zone.
2:22 of 3rd period - Shot by Shea Theodore.
2:22 of 3rd period - Shot Misses the Net.
2:24 of 3rd period - Shot by Nick Holden.
2:24 of 3rd period - Stopped by Marcus Hogberg without a rebound.
2:25 of 3rd period - Andrew Mangiapane wins face-off versus Nicklas Backstrom in Red Wings zone.
2:50 of 3rd period - Shot by Gabriel Landeskog.
2:50 of 3rd period - Shot Misses the Net.
2:52 of 3rd period - Shot by Tomas Hertl.
2:52 of 3rd period - Stopped by Marcus Hogberg with a rebound.
3:02 of 3rd period - Shot by Bowen Byram.
3:02 of 3rd period - Shot Blocked by Artem Zub.
3:04 of 3rd period - Shot by Bowen Byram.
3:04 of 3rd period - Stopped by Marcus Hogberg without a rebound.
3:05 of 3rd period - Sam Bennett wins face-off versus Mathieu Joseph in Red Wings zone.
3:29 of 3rd period - Shot by Shea Theodore.
3:29 of 3rd period - Stopped by Marcus Hogberg without a rebound.
3:30 of 3rd period - Nicklas Backstrom wins face-off versus Andrew Mangiapane in Red Wings zone.
3:31 of 3rd period - Shot by Tomas Hertl.
3:31 of 3rd period - Shot Misses the Net.
3:33 of 3rd period - Shot by Alex Pietrangelo.
3:33 of 3rd period - Shot Misses the Net.
3:41 of 3rd period - Shot by Gabriel Landeskog.
3:41 of 3rd period - Stopped by Marcus Hogberg with a rebound.
3:45 of 3rd period - Shot by Tomas Hertl.
3:45 of 3rd period - Shot Blocked by Connor Clifton.
3:47 of 3rd period - Shot by Sean Kuraly.
3:47 of 3rd period - Goal by Sean Kuraly - Red Wings : 0 - Maple Leafs : 3.
3:48 of 3rd period - Jordan Staal wins face-off versus Connor McDavid in neutral zone.
4:33 of 3rd period - Andrew Cogliano is hit by Jared McCann and loses puck.
4:49 of 3rd period - Connor McDavid is hit by Bowen Byram.
5:01 of 3rd period - Shot by Gabriel Landeskog.
5:01 of 3rd period - Shot Misses the Net.
5:03 of 3rd period - Shot by Gabriel Landeskog.
5:03 of 3rd period - Goal by Gabriel Landeskog - Red Wings : 0 - Maple Leafs : 4.
5:04 of 3rd period - Nicklas Backstrom wins face-off versus Brayden Point in neutral zone.
5:04 of 3rd period - Brandon Saad is hit by Brayden Point and loses puck.
5:15 of 3rd period - Shot by Tyler Toffoli.
5:15 of 3rd period - Stopped by Marcus Hogberg without a rebound.
5:16 of 3rd period - Tomas Hertl wins face-off versus Greg McKegg in Red Wings zone.
5:32 of 3rd period - Gabriel Landeskog is hit by Jakob Chychrun and loses puck.
5:41 of 3rd period - Shot by Gabriel Landeskog.
5:41 of 3rd period - Shot Misses the Net.
5:47 of 3rd period - Shot by Gabriel Landeskog.
5:47 of 3rd period - Stopped by Marcus Hogberg without a rebound.
5:48 of 3rd period - Nicklas Backstrom wins face-off versus Brayden Point in Red Wings zone.
6:25 of 3rd period - Shot by Brayden Point.
6:25 of 3rd period - Shot Blocked by Shea Theodore.
6:33 of 3rd period - Andrew Mangiapane is hit by Tyler Toffoli.
6:45 of 3rd period - Shot by Brandon Carlo.
6:45 of 3rd period - Stopped by Marcus Hogberg without a rebound.
6:46 of 3rd period - Connor McDavid wins face-off versus Tomas Hertl in Red Wings zone.
7:53 of 3rd period - Shot by Sean Kuraly.
7:53 of 3rd period - Shot Misses the Net.
7:55 of 3rd period - Shot by Brandon Carlo.
7:55 of 3rd period - Goal by Brandon Carlo - Red Wings : 0 - Maple Leafs : 5.
7:56 of 3rd period - Radek Faksa wins face-off versus Chase De Leo in neutral zone.
8:09 of 3rd period - Shot by Mathieu Joseph.
8:09 of 3rd period - Stopped by Frederik Andersen with a rebound.
8:11 of 3rd period - Shot by Drake Caggiula.
8:11 of 3rd period - Stopped by Frederik Andersen without a rebound.
8:12 of 3rd period - Jordan Staal wins face-off versus Brayden Point in Maple Leafs zone.
8:27 of 3rd period - Shot by Brayden Point.
8:27 of 3rd period - Shot Misses the Net.
8:29 of 3rd period - Shot by Oliver Bjorkstrand.
8:29 of 3rd period - Deflect By Brayden Point.
8:29 of 3rd period - Stopped by Frederik Andersen without a rebound.
8:30 of 3rd period - Greg McKegg wins face-off versus Gabriel Landeskog in Maple Leafs zone.
8:45 of 3rd period - Shot by Greg McKegg.
8:45 of 3rd period - Stopped by Frederik Andersen without a rebound.
8:46 of 3rd period - Brayden Point wins face-off versus Jordan Staal in Maple Leafs zone.
8:49 of 3rd period - Shot by Andrew Mangiapane.
8:49 of 3rd period - Stopped by Frederik Andersen without a rebound.
8:50 of 3rd period - Brayden Point wins face-off versus Tomas Hertl in Maple Leafs zone.
8:56 of 3rd period - Brayden Point is hit by Nick Holden and loses puck.
8:59 of 3rd period - Shot by Oliver Bjorkstrand.
8:59 of 3rd period - Stopped by Frederik Andersen without a rebound.
9:00 of 3rd period - Jordan Staal wins face-off versus Connor McDavid in Maple Leafs zone.
9:02 of 3rd period - Andrew Cogliano is hit by Jared McCann and loses puck.
9:11 of 3rd period - Shot by Andrew Cogliano.
9:11 of 3rd period - Shot Misses the Net.
9:38 of 3rd period - Off-side.
9:39 of 3rd period - Brayden Point wins face-off versus Tomas Hertl in neutral zone.
9:58 of 3rd period - Shot by Gabriel Landeskog.
9:58 of 3rd period - Shot Misses the Net.
10:12 of 3rd period - Shot by Gabriel Landeskog.
10:12 of 3rd period - Shot Blocked by Jakob Chychrun.
10:19 of 3rd period - Shot by Sam Bennett.
10:19 of 3rd period - Stopped by Marcus Hogberg without a rebound.
10:20 of 3rd period - Nicklas Backstrom wins face-off versus Greg McKegg in Red Wings zone.
10:28 of 3rd period - Mikhail Sergachev is hit by Dysin Mayo and loses puck.
10:31 of 3rd period - Shot by Greg McKegg.
10:31 of 3rd period - Shot Blocked by Brandon Carlo.
10:33 of 3rd period - Shot by Greg McKegg.
10:33 of 3rd period - Stopped by Frederik Andersen without a rebound.
10:34 of 3rd period - Connor McDavid wins face-off versus Jordan Staal in Maple Leafs zone.
10:48 of 3rd period - Icing by Filip Hronek.
10:49 of 3rd period - Nicklas Backstrom wins face-off versus Connor McDavid in Red Wings zone.
11:00 of 3rd period - Shot by Jared McCann.
11:00 of 3rd period - Stopped by Frederik Andersen with a rebound.
11:38 of 3rd period - Shot by Oliver Bjorkstrand.
11:38 of 3rd period - Shot Blocked by Brandon Carlo.
11:40 of 3rd period - Shot by Oliver Bjorkstrand.
11:40 of 3rd period - Deflect By Brayden Point.
11:40 of 3rd period - Shot Misses the Net.
11:42 of 3rd period - Shot by Artem Zub.
11:42 of 3rd period - Shot Misses the Net.
12:37 of 3rd period - Shot by Jayson Megna.
12:37 of 3rd period - Stopped by Frederik Andersen without a rebound.
12:38 of 3rd period - Chase De Leo wins face-off versus Tomas Hertl in Maple Leafs zone.
12:45 of 3rd period - Shot by Drake Caggiula.
12:45 of 3rd period - Stopped by Frederik Andersen without a rebound.
12:46 of 3rd period - Connor McDavid wins face-off versus Sam Bennett in Maple Leafs zone.
12:47 of 3rd period - Shot by Ryan Pulock.
12:47 of 3rd period - Shot Misses the Net.
12:57 of 3rd period - Shot by Gabriel Landeskog.
12:57 of 3rd period - Shot Misses the Net.
13:03 of 3rd period - Shot by Tomas Hertl.
13:03 of 3rd period - Stopped by Marcus Hogberg with a rebound.
13:05 of 3rd period - Shot by Tomas Hertl.
13:05 of 3rd period - Shot Misses the Net.
14:02 of 3rd period - Icing by Rem Pitlick.
14:03 of 3rd period - Radek Faksa wins face-off versus Greg McKegg in Red Wings zone.
14:06 of 3rd period - Shot by Josh Archibald.
14:06 of 3rd period - Shot Blocked by Filip Hronek.
14:08 of 3rd period - Shot by Josh Archibald.
14:08 of 3rd period - Stopped by Marcus Hogberg with a rebound.
14:30 of 3rd period - Shot by Trevor Lewis.
14:30 of 3rd period - Stopped by Marcus Hogberg without a rebound.
14:31 of 3rd period - Jordan Staal wins face-off versus Andrew Mangiapane in Red Wings zone.
14:36 of 3rd period - Shot by Andrew Cogliano.
14:36 of 3rd period - Shot Misses the Net.
14:46 of 3rd period - Shot by Jordan Staal.
14:46 of 3rd period - Stopped by Marcus Hogberg with a rebound.
15:07 of 3rd period - Sean Kuraly is hit by Andrew Mangiapane and loses puck.
15:34 of 3rd period - Icing by Jakob Chychrun.
15:35 of 3rd period - Nicklas Backstrom wins face-off versus Brayden Point in Red Wings zone.
16:03 of 3rd period - Shot by Connor McDavid.
16:03 of 3rd period - Shot Blocked by Bowen Byram.
17:07 of 3rd period - Greg McKegg is hit by Dysin Mayo and loses puck.
18:29 of 3rd period - Icing by Mikhail Sergachev.
18:30 of 3rd period - Brayden Point wins face-off versus Nicklas Backstrom in Red Wings zone.
18:57 of 3rd period - Shot by Brandon Saad.
18:57 of 3rd period - Shot Misses the Net.
18:59 of 3rd period - Shot by Tyler Toffoli.
18:59 of 3rd period - Shot Misses the Net.
19:01 of 3rd period - Shot by Nicklas Backstrom.
19:01 of 3rd period - Stopped by Marcus Hogberg with a rebound.
19:20 of 3rd period - Mikhail Sergachev is hit by Brandon Carlo and loses puck.
Goals for this period are 0 for Red Wings vs 3 for Maple Leafs.
Shots for this period are 10 for Red Wings vs 22 for Maple Leafs.




Output by the SimonT Hockey Simulator (STHS) for Tyler Bell - Original Page W3C HTML5 Valid
Hockey Simulator - Hockey Simulation - Hockey Manager